Map: Abyssal Reef LE

Players

Vlign

  • Race: Terran Terran
  • League: Diamond
  • Spawn Location: 11:00

A.I. 1 (Elite) - Winner!

  • Race: Zerg Zerg
  • Spawn Location: 5:00

VOD

Have the link to the VOD?

Description

Time

  • Played on: July 18, 2018, 12:33 a.m.
  • Length: 8:15
Show
View Real Time Build Order
Export as new Build Order

Vlign Terran 

Build Orders:  

Get SALT Encoding   

  12  0:01  SCV  
  13  0:13  SCV  
  14  0:29  Supply Depot  
  14  0:30  SCV  
  14  0:34  Refinery  
  15  0:51  SCV  
  16  0:58  Barracks  
  16  1:03  SCV  
  17  1:15  SCV  
  18  1:18  Refinery  
  18  1:27  SCV  
  20  1:46  Orbital Command  
  19  1:47  Reaper  
  19  1:51  Factory  
  20  2:02  Supply Depot  
  20  2:13  SCV  
  21  2:22  Barracks Reactor  
  21  2:25  SCV  
  22  2:30  Command Center  
  24  2:37  Hellion, SCV  
  25  2:44  Supply Depot  
  25  2:49  SCV  
  26  3:02  SCV  
  27  3:07  Barracks Tech Lab  
  27  3:09  Hellion x2  
  31  3:14  SCV  
  32  3:26  SCV  
  33  3:32  Cyclone x2  
  39  3:41  SCV  
  39  3:44  Orbital Command  
  39  3:47  Refinery  
  40  3:54  SCV  
  41  4:05  Cyclone x2  
  41  4:06  SCV, Refinery  
  48  4:11  SCV  
  48  4:15  Engineering Bay  
  49  4:18  SCV  
  49  4:23  SCV  
  51  4:30  SCV  
  52  4:31  Barracks  
  52  4:43  Supply Depot  
  52  4:44  Supply Depot  
  52  4:45  Terran Infantry Weapons Level 1  
  52  4:48  Ghost Academy  
  52  4:50  SCV  
  52  4:52  SCV  
  54  4:53  Barracks Tech Lab  
  54  5:05  Cyclone x2  
  54  5:06  Supply Depot  
  60  5:10  SCV  
  60  5:11  SCV  
  62  5:17  Ghost  
  62  5:19  Ghost  
  66  5:24  SCV  
  66  5:25  SCV  
  68  5:37  Cyclone x2  
  68  5:38  SCV x2  
  76  5:44  Personal Cloaking  
  76  5:49  Ghost  
  78  5:58  Supply Depot  
  78  6:00  Supply Depot  
  78  6:19  Ghost  
  78  6:20  Widow Mine, Cyclone, SCV  
  78  6:21  SCV  
  78  6:23  Ghost  
  89  6:32  SCV  
  90  6:38  SCV  
  91  6:44  SCV  
  92  6:50  SCV  
  92  6:53  Command Center  
  93  6:55  Barracks  
  93  6:56  SCV, Barracks  
  93  6:57  Barracks  
  93  6:59  Factory  
  93  7:00  Armory  
  94  7:09  Barracks  
  94  7:16  Factory Tech Lab  
  94  7:18  Ghost  
Show
View Real Time Build Order
Export as new Build Order

A.I. 1 (Elite) Zerg - Winner!

Build Orders: Pool First 

Get SALT Encoding   

  12  0:00  Drone  
  13  0:12  Overlord  
  13  0:16  Drone  
  14  0:31  Drone x2  
  16  0:42  Spawning Pool  
  15  0:45  Drone  
  15  0:48  Drone  
  17  1:13  Hatchery, Drone  
  17  1:16  Extractor  
  16  1:19  Drone  
  16  1:21  Extractor  
  16  1:25  Drone  
  17  1:29  Drone  
  17  1:38  Drone  
  19  1:49  Overlord  
  19  1:56  Queen  
  21  2:01  Zergling x2  
  22  2:11  Drone  
  23  2:25  Queen  
  23  2:28  Drone  
  26  2:35  Drone  
  27  2:40  Drone  
  29  2:44  Drone  
  29  2:57  Roach Warren  
  28  3:00  Drone  
  28  3:03  Drone  
  30  3:07  Zergling x2  
  30  3:10  Zergling x2  
  32  3:16  Overlord  
  32  3:18  Drone  
  33  3:22  Drone  
  34  3:37  Roach  
  34  3:38  Roach x2  
  34  3:39  Roach  
  42  3:47  Lair  
  42  3:51  Overlord  
  42  3:56  Overlord  
  42  3:59  Zergling x2  
  42  4:02  Zergling x2  
  44  4:09  Zergling x2, Drone x2  
  47  4:12  Drone  
  47  4:13  Drone  
  49  4:17  Drone  
  49  4:21  Overlord  
  50  4:26  Roach  
  50  4:30  Roach  
  54  4:32  Roach  
  54  4:36  Roach  
  58  4:40  Overlord  
  58  4:46  Drone  
  58  4:47  Hydralisk Den  
  58  4:48  Drone  
  58  4:50  Drone  
  60  4:53  Roach  
  60  4:57  Roach  
  64  5:00  Overlord  
  64  5:07  Drone  
  64  5:09  Drone  
  64  5:11  Drone  
  64  5:13  Drone  
  68  5:15  Hydralisk, Drone  
  68  5:18  Hydralisk  
  73  5:22  Hydralisk  
  73  5:26  Overlord  
  75  5:29  Hydralisk  
  75  5:32  Drone  
  75  5:33  Drone  
  79  5:35  Drone  
  79  5:37  Drone  
  79  5:38  Drone  
  79  5:40  Drone  
  79  5:42  Drone  
  84  5:44  Drone  
  84  5:47  Overlord  
  85  5:50  Hydralisk  
  85  5:55  Hydralisk  
  89  6:03  Metabolic Boost  
  89  6:05  Evolution Chamber, Drone  
  89  6:06  Overlord  
  89  6:13  Hatchery  
  88  6:21  Drone  
  89  6:28  Ravager  
  89  6:29  Ravager, Evolution Chamber  
  90  6:33  Lurker Den  
  90  6:35  Drone  
  90  6:36  Drone  
  91  6:40  Evolution Chamber  
  91  6:41  Drone  
  91  6:48  Extractor  
  91  6:50  Roach  
  91  6:52  Extractor  
  91  6:53  Drone  
  92  6:54  Roach  
  94  7:03  Hydralisk  
  94  7:04  Overlord  
  96  7:10  Drone x3  
  96  7:11  Zergling x8  
  96  7:15  Spine Crawler, Drone x4  
  104  7:17  Zergling x2  
  104  7:19  Zergling x2  
  104  7:21  Zergling x2, Overseer  
  88  7:22  Zergling x2  
  88  7:25  Roach  
  88  7:26  Drone  
  88  7:28  Drone  
  80  7:31  Roach  
  80  7:34  Roach  
  80  7:36  Hydralisk  
  75  7:39  Hydralisk  
  77  7:48  Hydralisk  
  77  7:49  Roach, Drone  
  80  7:56  Drone  
  80  7:57  Drone  
  80  7:58  Drone  
  79  8:04  Hatchery  
  79  8:13  Ravager  
Tags
 
League
Diamond
Matchup
TvZ
Opening
Pool First
Replay Pack
replaypack2
Spawn Locations
Cross Positions
Add a new tag
Caveats
  • Supply blocks, unpowered buildings, or Contaminate may cause inaccurate times.
  • Supply counts are checked every 10 seconds.